 Dungeon Crawl Stone Soup version 0.19.5 (webtiles) character file.

436 abbott299 the Chopper (level 7, -9/41 HPs)
             Began as a Gargoyle Fighter on Apr 15, 2017.
             Was a Believer of Trog.
             Killed by divine providence
             ... invoked by an orc priest
              (12 damage)
             ... on level 4 of the Dungeon.
             The game lasted 00:11:19 (2634 turns).

abbott299 the Chopper (Gargoyle Fighter)            Turns: 2634, Time: 00:11:20

Health: -9/41      AC: 11    Str: 24    XL:     7   Next: 1%
Magic:  7/7        EV:  7    Int:  9    God:    Trog [**....]
Gold:   234        SH:  9    Dex:  9    Spells: 0 memorised, 6 levels left

rFire  . . .     SeeInvis .     a - +1 war axe
rCold  + + .     Gourm    .     j - +0 scale mail
rNeg   + + .     Faith    .     c - +0 shield
rPois  ∞         Spirit   .     (no helmet)
rElec  +         Reflect  .     (no cloak)
rCorr  .         Harm     .     (no gloves)
MR     .....                    (no boots)
Stlth  ..........               w - amulet "Emat" {+Rage +Inv rC+ rN+ Dex-2}
                                (no ring)
                                v - ring of protection from cold

@: mighty
A: negative energy resistance 1, electricity resistance, unbreathing,
petrification resistance, rot immunity, AC +4
a: Berserk, Trog's Hand, Burn Spellbooks, Renounce Religion, Evoke Berserk Rage,
Evoke Invisibility


You were on level 4 of the Dungeon.
You worshipped Trog.
Trog was pleased with you.
You were not hungry.

You visited 1 branch of the dungeon, and saw 5 of its levels.

You collected 234 gold pieces.

Inventory:

Hand Weapons
 a - a +1 war axe (weapon)
 b - a +0 hunting sling
Missiles
 n - 83 stones (quivered)
Armour
 c - a +0 shield (worn)
 j - a +0 scale mail (worn)
Jewellery
 p - an uncursed amulet of the gourmand
 v - a ring of protection from cold (left hand)
 w - the amulet "Emat" (around neck) {+Rage +Inv rC+ rN+ Dex-2}
   (You found it on level 5 of the Dungeon)

   [amulet of rage]

   It affects your dexterity (-2).
   It protects you from cold.
   It protects you from negative energy.
   It lets you turn invisible.
   It lets you go berserk.
Wands
 s - a wand of flame (21/48)
Scrolls
 h - 2 scrolls of fear {unknown}
 l - a scroll of identify
 m - a scroll of magic mapping
 o - 3 scrolls of enchant weapon
 q - a scroll of noise {unknown}
 r - a scroll of fog {unknown}
 u - a scroll of remove curse {unknown}
Potions
 e - a potion of lignification {unknown}
 i - 2 potions of heal wounds {unknown}
 t - a potion of curing {unknown}
Comestibles
 f - a bread ration
 g - 3 beef jerkies
 k - 2 meat rations


   Skills:
 - Level 3.2 Fighting
 + Level 6.6 Axes
 - Level 3.2 Armour
 - Level 3.2 Shields


You had 6 spell levels left.
You didn't know any spells.

Dungeon Overview and Level Annotations

Branches:
Dungeon (5/15)
 Temple: D:4-7

Altars:
Gozag
Nemelex Xobeh
Sif Muna
Trog
Zin


Innate Abilities, Weirdness & Mutations

You are resistant to torment.
Your stone body is resilient. (AC +4)
You are immune to poison.
You resist negative energy. (rN+)
You are resistant to electric shocks. (rElec)
You can survive without breathing.
You are immune to petrification.
You are immune to rotting.


Message History

You hit the orc priest but do no damage.
The orc priest calls down the wrath of Beogh upon you.
Pain shoots through your body!
* * * LOW HITPOINT WARNING * * *
Your shield and scale mail prevent you from hitting the orc priest.
The orc priest hits you but does no damage.
The orc priest barely misses you.
You hit the orc priest but do no damage.
The orc priest hits you but does no damage.
You hit the orc priest but do no damage.
The orc priest hits you but does no damage.
Your shield and scale mail prevent you from hitting the orc priest.
The orc priest hits you with a trident.
* * * LOW HITPOINT WARNING * * *
You feel very mighty all of a sudden. The orc priest barely misses you.
You closely miss the orc priest.
The orc priest invokes the aid of Beogh against you.
Beogh smites you!
You die...

# #..##......# #.
#..........>
#.####.......#...
#............##..
###.............#
##..###.....#####
#..## #.......
#######.###.......###
#.....@)......##.## #
####..o#####... ... .
#.... .. .. #####. ..
##


You could see an orc priest.

Vanquished Creatures
  A centaur (D:3)
  2 orc priests
  2 orc wizards (D:4)
  A worker ant (D:4)
  2 worker ant zombies (D:3)
  3 gnolls
  A howler monkey skeleton (D:3)
  7 adders
  An ooze (D:3)
  2 adder zombies (D:3)
  2 adder skeletons (D:3)
  2 worms
  2 dart slugs
  A leopard gecko (D:2)
  2 orcs (D:4)
  A ball python (D:2)
  9 bats
  5 giant cockroaches
  5 goblins
  2 hobgoblins
  9 kobolds
  A quokka (D:2)
  3 frilled lizards
  2 giant cockroach zombies (D:3)
  A jackal skeleton (D:3)
  A jackal zombie (D:3)
  A leopard gecko zombie (D:3)
  A quokka zombie (D:3)
  5 rats
77 creatures vanquished.

Notes
Turn   | Place    | Note
-------+----------+-------------------------------------------
     0 | D:1      | abbott299 the Gargoyle Fighter began the quest for the Orb.
     0 | D:1      | Reached XP level 1. HP: 14/14 MP: 1/1
    56 | D:1      | Reached skill level 2 in Axes
   260 | D:1      | Reached XP level 2. HP: 19/19 MP: 2/2
   331 | D:2      | Reached skill level 3 in Axes
   388 | D:2      | Reached XP level 3. HP: 15/23 MP: 3/3
   389 | D:2      | Found a glowing silver altar of Zin.
   527 | D:2      | Found a faded altar of an unknown god.
   558 | D:2      | Became a worshipper of Trog the Wrathful
   558 | D:2      | Reached * piety under Trog
   794 | D:2      | Reached XP level 4. HP: 28/28 MP: 4/4
   999 | D:2      | Reached skill level 4 in Axes
  1103 | D:2      | Found a sparkling altar of Nemelex Xobeh.
  1554 | D:3      | Noticed a centaur
  1571 | D:3      | Killed a centaur
  1571 | D:3      | Reached skill level 5 in Axes
  1571 | D:3      | Reached XP level 5. HP: 14/32 MP: 5/5
  1873 | D:3      | Reached XP level 6. HP: 34/37 MP: 6/6
  1955 | D:3      | Reached ** piety under Trog
  2114 | D:3      | Found an opulent altar of Gozag.
  2209 | D:3      | Reached skill level 6 in Axes
  2583 | D:5      | Entered Level 5 of the Dungeon
  2585 | D:5      | Found a deep blue altar of Sif Muna.
  2588 | D:5      | Got a twitching emerald amulet
  2596 | D:4      | Identified the amulet "Emat" {+Rage +Inv rC+ rN+ Dex-2} (You found it on level 5 of the Dungeon)
  2621 | D:4      | Reached XP level 7. HP: 11/41 MP: 7/7
  2632 | D:4      | HP: 2/41 [orc priest/trident (4)]
  2634 | D:4      | Killed from afar by an orc priest

Skill      XL: |  1  2  3  4  5  6 |
---------------+-------------------+-----
Axes           | 2 3 5 6 |  6.6
Fighting       | |  3.2
Armour         | |  3.2
Shields        | |  3.2

Action                   |  1- 3 |  4- 6 |  7- 9 || total
-------------------------+-------+-------+-------++-------
Melee: War axe           |    91 |   156 |    11 ||   258
 Fire: Hunting sling     |       |    14 |       ||    14
  Use: Scroll            |     4 |     3 |       ||     7
       Potion            |       |     1 |     1 ||     2
 Stab: Invisible         |       |     2 |       ||     2
  Eat: Chunk             |       |     8 |       ||     8
Armor: Scale mail        |    56 |    75 |     3 ||   134
Dodge: Dodged            |    31 |    61 |     2 ||    94
Block: Shield            |    51 |    95 |     3 ||   149
